 Dungeon Crawl Stone Soup version 0.30-a0-1164-ge08a67761e (webtiles) character file.

Game seed: 13536833862149736993

82060 Conn the Thaumaturge (level 15, -4/86 HPs)
             Began as an Octopode Fire Elementalist on Apr 29, 2023.
             Was an Elder of Sif Muna.
             Slain by an alligator snapping turtle (47 damage)
             ... on level 1 of the Shoals.
             The game lasted 02:12:34 (30815 turns).

Conn the Thaumaturge (Octopode Fire Elementalist)  Turns: 30815, Time: 02:12:40

Health: -4/86      AC:  5    Str:  8    XL:     15   Next: 72%
Magic:  8/32       EV: 28    Int: 29    God:    Sif Muna [****..]
Gold:   596        SH: 14    Dex: 26    Spells: 5/40 levels left

rFire   + + .        T - staff of cold "Fiv Neor" {rF+ rC+}
rCold   + . .        G - +0 buckler
rNeg    . . .        F - +2 hat
rPois   +            x - amulet of reflection
rElec   .            y - ring of wizardry
rCorr   +            B - +6 ring of intelligence
SInv    +            j - ring of the Octopus King {HP+2 AC+2 EV+2 SH+2 SInv}
Will    +....        S - +5 ring of evasion
Stlth   +++++        d - +5 ring of evasion
HPRegen 0.34/turn    o - ring of Tiasam {Fly rF+ rCorr Dex+6 Stlth-}
MPRegen 0.23/turn    r - ring of poison resistance
                     e - +6 ring of dexterity

%: reflection, wizardry (x1)
@: flying
A: almost no armour, amphibious, 8 rings, camouflage 1, gelatinous body 1,
nimble swimmer 1, tentacles
a: Renounce Religion, Channel Magic, Forget Spell, Divine Exegesis


You were on level 1 of the Shoals.
You worshipped Sif Muna.
Sif Muna was greatly pleased with you.
You visited 5 branches of the dungeon, and saw 22 of its levels.
You also visited: Sewer, Bailey and Gauntlet.

You collected 2147 gold pieces.
You spent 1551 gold pieces at shops.

Inventory:

Hand Weapons
 w - a +4 dagger of venom
 Q - the +2 rapier of Chagrin {freeze, rElec rF- Str+7 Stlth+}
   (You found it in a Gauntlet)

   Str:       It affects your strength (+7).
   rF:        It makes you vulnerable to fire.
   rElec:     It insulates you from electricity.
   Stlth:     It makes you more stealthy.
Missiles
 s - 6 throwing nets
 N - a curare-tipped dart (quivered)
Armour
 F - a +2 hat (worn)
 G - a +0 buckler (worn)
Magical Staves
 T - the staff of cold "Fiv Neor" (weapon) {rF+ rC+}
   (You found it in a Gauntlet)

   [staff of cold]

   Base accuracy: +5 Base damage: 5 Base attack delay: 1.2 This weapon's minimum
   attack delay (0.6) is reached at skill level 12.
   rF:        It protects you from fire.
   rC:        It protects you from cold.
   It falls into the 'Staves' category.
   It is a one-tentacled weapon.
Jewellery
 d - a +5 ring of evasion (on tentacle)
 e - a +6 ring of dexterity (on tentacle)
 j - a ring of the Octopus King (on tentacle) {HP+2 AC+2 EV+2 SH+2 SInv}
   (You bought it in a shop on level 2 of the Orcish Mines)

   [ring of see invisible]

   AC:        It affects your AC (+2).
   EV:        It affects your evasion (+2).
   HP:        It affects your health (+2).
   SInv:      It lets you see invisible.
   SH:        It affects your SH (+2).
 o - the ring of Tiasam (on tentacle) {Fly rF+ rCorr Dex+6 Stlth-}
   (You bought it in a shop on level 12 of the Dungeon)

   [ring of dexterity]

   Dex:       It affects your dexterity (+6).
   rF:        It protects you from fire.
   Fly:       It grants you flight.
   rCorr:     It protects you from acid and corrosion.
   Stlth:     It makes you less stealthy.
 r - a ring of poison resistance (on tentacle)
 x - an amulet of reflection (around mantle)
 y - a ring of wizardry (left tentacle)
 B - a +6 ring of intelligence (right tentacle)
 D - the ring "Beugrircho" {rC+ rCorr}
   (You found it in a Gauntlet)

   [ring of protection from cold]

   rC:        It protects you from cold.
   rCorr:     It protects you from acid and corrosion.
 M - a ring of see invisible
 S - a +5 ring of evasion (on tentacle)
Wands
 b - a wand of light (9)
 u - a wand of flame (43)
 H - a wand of paralysis (5)
 K - a wand of polymorph (12)
 P - a wand of digging (5)
 R - a wand of iceblast (12)
Scrolls
 c - a scroll of fear
 g - 2 scrolls of magic mapping
 i - 5 scrolls of identify
 k - 3 scrolls of teleportation
 q - a scroll of fog
 v - 2 scrolls of immolation
 z - a scroll of torment
 A - 3 scrolls of amnesia
 I - 2 scrolls of blinking
 O - a scroll of enchant weapon
Potions
 a - 3 potions of magic
 f - 4 potions of haste
 h - 3 potions of cancellation
 l - 2 potions of flight
 m - 2 potions of mutation
 n - 11 potions of curing
 p - a potion of resistance
 t - 4 potions of might
 C - a potion of berserk rage
 E - 2 potions of brilliance
Miscellaneous
 J - a box of beasts
 L - a condenser vane
 U - a phantom mirror (inert)


   Skills:
 + Level 1.9 Fighting
 + Level 1.6 Short Blades
 + Level 1.0(1.3) Polearms
 + Level 1.1(1.3) Staves
 + Level 0.4 Throwing
 + Level 4.3 Dodging
 + Level 6.6 Stealth
 * Level 6.9 Shields
 + Level 13.2 Spellcasting
 * Level 11.8 Conjurations
 + Level 4.2 Hexes
 + Level 6.1 Summonings
 + Level 0.5 Translocations
 + Level 12.8 Fire Magic
 + Level 5.0 Ice Magic
 - Level 5.0 Air Magic
 + Level 10.3 Invocations
 + Level 0.2 Evocations


You had 5 spell levels left.
You knew the following spells:

 Your Spells              Type           Power      Damage    Failure   Level
a - Foxfire               Conj/Fire      100%       2x1d9     1%          1
b - Scorch                Fire           100%       2d9       1%          2
c - Inner Flame           Hex/Fire       62%        N/A       1%          3
d - Flame Wave            Conj/Fire      74%        2d16      1%          4
e - Summon Guardian Gole  Hex/Summ       49%        N/A       1%          3
f - Call Canine Familiar  Summ           53%        N/A       1%          3
g - Plasma Beam           Fire/Air       31%        2x1d48    6%          6
h - Summon Forest         Summ/Tloc      19%        N/A       11%         5
i - Apportation           Tloc           44%        N/A       1%          1
j - Hailstorm             Conj/Ice       80%        3d16      1%          3
k - Iskenderun's Mystic   Conj/Tloc      53%        2d11      1%          4

Your spell library contained the following spells:

 Spells                   Type           Power      Damage    Failure   Level
 Freeze                   Ice            100%       1d10      1%          1
 Kiss of Death            Conj/Necr      100%       2d13      1%          1
 Slow                     Hex            100%       N/A       1%          1
 Summon Small Mammal      Summ           100%       N/A       1%          1
 Searing Ray              Conj           100%       2d8       1%          2
 Static Discharge         Conj/Air       100%       2-7/arc   1%          2
 Confusing Touch          Hex            43%        N/A       1%          3
 Dazzling Flash           Conj/Hex       100%       N/A       1%          3
 Frozen Ramparts          Ice            100%       1d16      1%          3
 Ignite Poison            Fire/Tmut/Pois 43%        N/A       1%          3
 Portal Projectile        Hex/Tloc       66%        N/A       1%          3
 Stone Arrow              Conj/Erth      100%       3d13      1%          3
 Tukima's Dance           Hex            43%        N/A       1%          3
 Vhi's Electric Charge    Tloc/Air       70%        N/A       1%          3
 Volatile Blastmotes      Fire/Tloc      100%       2d18      1%          3
 Fulminant Prism          Conj/Hex       30%        3d15      1%          4
 Sticky Flame             Conj/Fire      74%        2d9       1%          4
 Summon Lightning Spire   Summ/Air       51%        N/A       1%          4
 Arcjolt                  Conj/Air       30%        1d40      1%          5
 Iskenderun's Battlesphe  Conj           73%        2d12      1%          5
 Vampiric Draining        Necr           19%        2d7       4%          3
 Passage of Golubria      Tloc           22%        N/A       12%         4
 Dispel Undead            Necr           19%        3d11      16%         4
 Yara's Violent Unravell  Hex/Tmut       15%        3d8       17%         5
 Blade Hands              Tmut           9%         N/A       38%         5
 Conjure Ball Lightning   Conj/Air       30%        3x3d10    8%          6
 Orb of Destruction       Conj           36%        9d11      11%         7
 Spellforged Servitor     Conj/Summ      31%        N/A       32%         7
 Ignition                 Fire           38%        3d11      45%         8
 Summon Hydra             Summ           26%        N/A       67%         7
 Dispersal                Tloc           11%        N/A       86%         6
 Eringya's Noxious Bog    Tmut/Pois      9%         N/A       90%         6
 Storm Form               Tmut/Air       16%        N/A       98%         7
 Lehudib's Crystal Spear  Conj/Erth      26%        10d7      100%        8
 Maxwell's Capacitive Co  Air            24%        ∞         100%        8
 Animate Armour           Summ/Erth      Unusable   N/A       N/A         4

Dungeon Overview and Level Annotations

Branches:
Dungeon (13/15)            Temple (1/1) D:5            Lair (5/5) D:8
 Shoals (1/4) Lair:3       Spider (0/4) Lair:2        Slime (0/5) Lair:5
    Orc (2/2) D:9             Elf (0/3) Orc:2         Sewer (visited)
 Bailey (visited)         Gauntlet (visited)
 Vaults: D:13-14

Altars:
Ashenzari
Cheibriados
Dithmenos
Elyvilon
Fedhas
Gozag
Kikubaaqudgha
Makhleb
Nemelex Xobeh
Okawaru
Qazlal
Ru
Sif Muna
Trog
Uskayaw
Vehumet
Wu Jian
Xom
Yredelemnul
Zin
The Shining One

Shops:
D:12 =   Orc:1 (   Orc:2 =(:[

Annotations:
D:3 Robin


Innate Abilities, Weirdness & Mutations

You cannot wear most types of armour.
You are amphibious.
You can wear up to eight rings at the same time.
Your skin changes colour to match your surroundings (Stealth+).
Your rubbery body absorbs attacks. (AC +1, EV +1)
You are camouflaged when in or above water. (Stealth+)
You have tentacles for arms and can constrict up to eight enemies at once.


Message History

You kill the tentacle!
The tentacle slaps your guardian golem but does no damage.
You block the tentacle's attack.
The alligator snapping turtle is engulfed in blazing flames.
The tentacle slaps your guardian golem!!
Your guardian golem disappears in a puff of smoke!
Your guardian golem explodes!
The fiery explosion engulfs the kraken.
The fiery explosion engulfs the tentacle!!
The tentacle dies!
The fiery explosion engulfs you! You resist.
The fiery explosion engulfs the tentacle!!
The tentacle is engulfed in blazing flames.
The tentacle slaps you!!
The kraken dies!
Sif Muna accepts your kill.
The dead kraken's tentacles slide back into the water.
You hear a splash.
Unknown command.
Unknown command.
An alligator snapping turtle is nearby!
Casting: Hailstorm (safe; 1% risk of failure)
Confirm with . or Enter, or press ? or * to list all spells.
Flames lash the alligator snapping turtle but do no damage.
The alligator snapping turtle is engulfed in blazing flames.
Unknown command.
Casting: Scorch (safe; 1% risk of failure)
Confirm with . or Enter, or press ? or * to list all spells.
You erupt in a blast of force!
The mystic blast hits the alligator snapping turtle but does no damage.
The alligator snapping turtle is lightly wounded.
The alligator snapping turtle misses you.
Casting: Iskenderun's Mystic Blast (mildly dangerous; 1% risk of failure)
Confirm with . or Enter, or press ? or * to list all spells.
You erupt in a blast of force!
The mystic blast hits the alligator snapping turtle but does no damage.
The alligator snapping turtle is lightly wounded.
The alligator snapping turtle bites you from afar!!!
Ouch! That really hurt!
You die...

≈≈≈≈≈≈≈≈≈≈≈≈~~~~~~~~~~~~~~~~
≈≈≈≈≈≈≈≈≈≈≈~~~....~~~~......
≈≈≈≈≈≈≈≈≈≈≈~~~..#.~~~~..##..
≈≈≈≈≈≈≈≈≈≈≈≈~~~....~~~..##..
≈≈≈≈≈≈≈≈≈≈≈≈≈~~~~~~~~~~......
≈≈≈≈≈≈≈≈≈≈≈≈≈≈~~~~~~~~~.......
≈≈≈≈≈≈≈≈≈≈≈≈~~~~~~~~~.........
≈≈≈≈≈≈≈≈§§§~~~~~~≈~~~~..##....
≈≈≈≈≈≈≈≈§≈§~~@.~~~≈~~~...#.≈≈.
≈≈≈≈≈≈≈§§§§~~~~~~~~~~....~~≈≈~
≈≈≈≈≈≈≈§§§☼t~...~~~~~....~~~..
≈≈≈≈≈≈≈≈~§§~....~~~~~.).~~~~~.
≈≈≈≈≈≈≈≈§~~.....~~~~~...~~~~~~
≈≈≈≈≈≈≈~~~...##.~~~~~..~.~~~~~
≈≈≈≈≈≈§§~~~.>#.~~~~~~~~.~~~~~~
≈≈≈≈≈≈≈§~.~~...~~~~~≈~~~≈≈~~~~
~~≈≈≈≈≈~~~....~†~~~~≈≈≈≈≈~~~~~


You could see an alligator snapping turtle.

Vanquished Creatures
  Saint Roka (Orc:2)
  A fire dragon (Lair:5)
  Snorg (D:12)
  A hydra (Lair:4)
  A ghost crab (Gauntlet)
  2 centaur warriors
  A boulder beetle (Lair:2)
  A merfolk aquamancer (Shoals:1)
  12 death yaks
  2 two-headed ogres
  2 orc high priests (Orc:2)
  2 skysharks
  2 sea snakes (Shoals:1)
  A deep troll (Lair:1)
  A lindwurm (Lair:4)
  A swamp dragon (Lair:5)
  Pikel (D:8)
  3 orc knights
  A deep elf pyromancer (D:9)
  5 harpies (Shoals:1)
  2 oklob plants
  An ugly thing (D:12)
  2 manticores (Shoals:1)
  5 fauns (Shoals:1)
  4 orc sorcerers
  A cyclops (D:12)
  10 elephants
  A torpor snail (Lair:5)
  2 black mambas
  5 merfolk sirens (Shoals:1)
  A gargoyle (D:12)
  12 cane toads
  14 komodo dragons
  7 rime drakes
  A freezing wraith (Lair:3)
  A wind drake (Shoals:1)
  3 hornets (Gauntlet)
  4 polar bears
  3 trolls
  34 blink frogs
  A snapping turtle (Shoals:1)
  A culicivora (Lair:2)
  3 water elementals (Shoals:1)
  5 jumping spiders (Lair:2)
  3 shadows
  7 wyverns
  53 yaks
  A wraith (D:9)
  3 basilisks
  3 redbacks (Lair:2)
  A neqoxec (Gauntlet)
  2 steam dragons
  A chaos spawn (Gauntlet)
  A warg (Orc:2)
  2 harpy simulacra (Lair:3)
  3 acid dragons
  7 water moccasins
  2 swamp drakes (Lair:5)
  42 orc warriors
  3 ice beasts
  A black bear (Lair:2)
  9 wolves
  3 ogres
  16 centaurs
  A phantom (D:6)
  9 kobold brigands
  A lemure (D:8)
  11 bullfrogs
  A cane toad simulacrum (Lair:3)
  A two-headed ogre simulacrum (Lair:3)
  2 scorpions (D:7)
  A killer bee (D:9)
  11 howler monkeys
  15 jellies
  2 hounds
  17 orc priests
  2 gnoll boudas
  A sleepcap (D:5)
  5 iguanas
  Ijyb (D:3)
  17 orc wizards
  A spriggan simulacrum (Lair:3)
  A troll simulacrum (Lair:3)
  8 gnolls
  12 adders
  A naga simulacrum (Lair:3)
  2 river rats (Sewer)
  2 white imps
  2 ufetubi
  6 worms
  3 dart slugs
  94 orcs
  10 ball pythons
  2 bats (D:1)
  11 endoplasms
  6 giant cockroaches
  20 goblins
  6 hobgoblins
  11 jackals
  23 kobolds
  4 quokkas
  2 frilled lizards
  3 rats
  A snaplasher vine (Shoals:1)
  2 tentacles (Shoals:1)
  A toadstool (Lair:1)
660 creatures vanquished.

Vanquished Creatures (collateral kills)
  A blink frog (Lair:5)
  A yak (Lair:5)
  A basilisk (Lair:3)
  A steam dragon (Lair:5)
  17 foxfires
21 creatures vanquished.

Vanquished Creatures (others)
  A kraken (Shoals:1)
  A minotaur (Gauntlet)
  3 skysharks
  A warg (Orc:1)
  An orc warrior (D:8)
  An ogre (Orc:1)
  2 centaurs (D:12)
  A gnoll (Orc:1)
  2 orcs (Orc:1)
  1977 foxfires
  33 fungi
  78 plants
  6 tentacles (Shoals:1)
  12 toadstools (Lair:1)
2119 creatures vanquished.

Grand Total: 2800 creatures vanquished

Notes
Turn   | Place    | Note
-------+----------+-------------------------------------------
     0 | D:1      | Conn the Octopode Fire Elementalist began the quest for the
                  | Orb.
     0 | D:1      | Reached XP level 1. HP: 11/11 MP: 3/3
   257 | D:1      | Reached XP level 2. HP: 12/17 MP: 1/5
   719 | D:1      | Found a faded altar of an unknown god.
   738 | D:1      | Got the Guide on Direction
  1015 | D:1      | Learned a level 2 spell: Scorch
  1110 | D:2      | Reached XP level 3. HP: 21/21 MP: 4/6
  1114 | D:2      | Learned a level 3 spell: Inner Flame
  2102 | D:3      | Reached XP level 4. HP: 27/27 MP: 7/7
  2139 | D:3      | Found a glowing drain.
  2219 | Sewer    | Entered a sewer
  2329 | Sewer    | Noticed a kobold brigand
  2337 | Sewer    | Killed a kobold brigand
  2338 | Sewer    | Reached XP level 5. HP: 31/31 MP: 1/9
  2480 | Sewer    | Noticed a kobold brigand
  2486 | Sewer    | Killed a kobold brigand
  2487 | Sewer    | Reached skill level 3 in Spellcasting
  2487 | Sewer    | Reached XP level 6. HP: 36/36 MP: 5/10
  2806 | Sewer    | Reached XP level 7. HP: 42/42 MP: 2/12
  3268 | D:3      | Found a bloodstained altar of Trog.
  3269 | D:3      | Found an ornate altar of the Wu Jian Council.
  3284 | D:3      | Reached skill level 4 in Spellcasting
  3432 | D:3      | Noticed Ijyb
  3440 | D:3      | Killed Ijyb
  3729 | D:3      | Noticed Robin
  3732 | D:3      | Reached skill level 1 in Polearms
  4096 | D:4      | Found a shadowy altar of Dithmenos.
  4443 | D:4      | Reached skill level 5 in Fire Magic
  4449 | D:4      | Reached XP level 8. HP: 42/47 MP: 6/14
  5133 | D:5      | Entered Level 5 of the Dungeon
  5344 | D:6      | Reached skill level 5 in Conjurations
  5353 | D:6      | Reached skill level 5 in Spellcasting
  5706 | D:6      | Reached skill level 1 in Hexes
  5960 | D:6      | Reached XP level 9. HP: 52/52 MP: 12/17
  6159 | D:5      | Found a staircase to the Ecumenical Temple.
  6178 | D:5      | Reached skill level 6 in Spellcasting
  6181 | Temple   | Entered the Ecumenical Temple
  6264 | Temple   | Became a worshipper of Sif Muna the Loreminder
  6524 | D:5      | Learned a level 4 spell: Flame Wave
  6528 | D:5      | Learned a level 3 spell: Summon Guardian Golem
  6532 | D:5      | Learned a level 3 spell: Call Canine Familiar
  7037 | D:6      | Reached skill level 1 in Invocations
  7293 | D:6      | Identified a scroll of acquirement
  7294 | D:6      | Acquired a +6 ring of intelligence
  7430 | D:7      | Reached skill level 1 in Summonings
  7433 | D:7      | Reached * piety under Sif Muna
  8039 | D:7      | Reached skill level 7 in Spellcasting
  8348 | D:8      | Found an opulent altar of Gozag.
  8492 | D:8      | Found a flagged portal.
  8510 | Bailey   | Entered a bailey
  8666 | Bailey   | Reached skill level 1 in Short Blades
  8759 | Bailey   | Reached skill level 5 in Stealth
  8814 | Bailey   | Noticed an orc knight
  8896 | Bailey   | Reached skill level 1 in Fighting
  9078 | Bailey   | Killed an orc knight
  9079 | Bailey   | Reached XP level 10. HP: 58/58 MP: 6/21
  9570 | D:8      | Found a staircase to the Lair.
  9652 | D:8      | Reached ** piety under Sif Muna
  9674 | D:8      | Reached skill level 8 in Spellcasting
  9886 | D:8      | Noticed Pikel
  9907 | D:8      | Killed Pikel
 10749 | D:9      | Noticed a two-headed ogre
 10763 | D:9      | Killed a two-headed ogre
 11111 | D:9      | Found a staircase to the Orcish Mines.
 11115 | D:9      | Reached XP level 11. HP: 59/63 MP: 16/23
 11479 | D:9      | Noticed a deep elf pyromancer
 11487 | D:9      | Killed a deep elf pyromancer
 11488 | D:9      | Reached skill level 5 in Invocations
 11626 | D:10     | Entered Level 10 of the Dungeon
 11630 | D:10     | Reached skill level 5 in Summonings
 11634 | D:10     | Reached skill level 9 in Spellcasting
 11868 | D:10     | Noticed a centaur warrior
 11878 | D:10     | Killed a centaur warrior
 11879 | D:10     | Reached skill level 1 in Shields
 12237 | D:10     | Reached *** piety under Sif Muna
 12883 | D:11     | Found a gate leading to a gauntlet.
 12890 | Gauntlet | Entered a Gauntlet
 12890 | Gauntlet | Found a runed translucent door.
 12890 | Gauntlet | Found a transporter.
 12890 | Gauntlet | Found a runed translucent door.
 12894 | Gauntlet | Found a transporter.
 12896 | Gauntlet | Found a transporter.
 12900 | Gauntlet | Noticed a tengu warrior
 12911 | Gauntlet | Found a transporter.
 12912 | Gauntlet | Found a transporter.
 12916 | Gauntlet | Noticed a hell beast
 12960 | Gauntlet | Found a transporter.
 12978 | Gauntlet | Found a transporter.
 12985 | Gauntlet | Noticed a ghost crab
 12992 | Gauntlet | Found a transporter.
 12997 | Gauntlet | Found a transporter.
 13003 | Gauntlet | Found a transporter.
 13004 | Gauntlet | Found a transporter.
 13036 | Gauntlet | Found a transporter.
 13043 | Gauntlet | Found a transporter.
 13057 | Gauntlet | Found a transporter.
 13170 | Gauntlet | Identified the +2 rapier of Chagrin {freeze, rElec rF-
                  | Str+7 Stlth+}
 13363 | Gauntlet | Learned a level 6 spell: Plasma Beam
 13399 | Gauntlet | Killed a ghost crab
 13559 | Gauntlet | Identified the +1 helmet "Vootio" {+Blink rF+}
 13577 | Gauntlet | Learned a level 5 spell: Summon Forest
 13646 | Gauntlet | Identified the ring "Beugrircho" {rC+ rCorr}
 13646 | Gauntlet | Noticed a minotaur
 13695 | Gauntlet | Killed a minotaur
 13696 | Gauntlet | Reached skill level 1 in Air Magic
 13762 | Gauntlet | Identified the staff of cold "Fiv Neor" {rF+ rC+}
 14170 | D:12     | Noticed Snorg
 14170 | D:12     | Noticed a cyan ugly thing
 14430 | D:12     | Noticed a cyclops
 14624 | D:12     | Killed a cyclops
 14739 | D:12     | Reached XP level 12. HP: 59/69 MP: 19/25
 14896 | D:12     | Killed Snorg
 14992 | D:12     | Noticed a centaur warrior
 14997 | D:12     | Killed a centaur warrior
 14998 | D:12     | Reached skill level 10 in Spellcasting
 15145 | D:12     | Noticed a two-headed ogre
 15151 | D:12     | Killed a two-headed ogre
 15251 | D:12     | Found Zuychy's Jewellery Shoppe.
 15254 | D:12     | Bought the ring of Tiasam {Fly rF+ rCorr Dex+6 Stlth-} for
                  | 563 gold pieces
 15400 | D:12     | Learned a level 1 spell: Apportation
 15699 | Orc:1    | Entered Level 1 of the Orcish Mines
 15707 | Orc:1    | Found Fyivod's Antique Weapon Emporium.
 16345 | Orc:1    | Reached **** piety under Sif Muna
 16749 | Orc:2    | Entered Level 2 of the Orcish Mines
 16771 | Orc:2    | Noticed a soul eater
 17045 | Orc:2    | Found Nuucaoh's Book Shop.
 17059 | Orc:2    | Bought a book of Frost for 320 gold pieces
 17063 | Orc:2    | Learned a level 3 spell: Hailstorm
 17370 | Orc:2    | Reached skill level 1 in Ice Magic
 17826 | Orc:2    | Noticed an orc high priest
 17837 | Orc:2    | Killed an orc high priest
 18101 | Orc:2    | Found a staircase to the Elven Halls.
 18175 | Orc:2    | Noticed an orc high priest
 18177 | Orc:2    | Noticed a soul eater
 18198 | Orc:2    | Killed an orc high priest
 18362 | Orc:2    | Noticed Saint Roka
 18386 | Orc:2    | HP: 1/69 [Saint Roka/+1 heavy bardiche (26)]
 18394 | Orc:2    | HP: 1/69 [Saint Roka/divine providence (11)]
 18983 | Orc:2    | Found Dogaxie's Jewellery Shop.
 18993 | Orc:2    | Reached XP level 13. HP: 73/73 MP: 12/27
 19074 | Orc:2    | Bought a ring of the Octopus King {HP+2 AC+2 EV+2 SH+2
                  | SInv} for 668 gold pieces
 19074 | Orc:2    | Found the ring of the Octopus King {HP+2 AC+2 EV+2 SH+2
                  | SInv}
 19109 | Orc:2    | Reached ***** piety under Sif Muna
 19757 | Orc:2    | Killed Saint Roka
 19758 | Orc:2    | Reached skill level 10 in Fire Magic
 20318 | Orc:2    | Found Gifiptia's Antique Armour Boutique.
 20322 | Orc:2    | Found Paodgh's Antique Weapon Shop.
 20692 | Lair:1   | Entered Level 1 of the Lair of Beasts
 20715 | Lair:1   | Found a blossoming altar of Fedhas.
 20752 | Lair:1   | Received a gift from Sif Muna
 20753 | Lair:1   | Got Sif Muna's Lessons on Grisly Vapour {god gift}
 20988 | Lair:1   | Reached skill level 5 in Air Magic
 21365 | Lair:1   | Identified the +1 pair of boots of the Harp {rC+ Regen+
                  | Int-4 Dex+2}
 22235 | Lair:2   | Identified the +6 whip "Maofocec" {freeze, Int+2}
 22351 | Lair:2   | Reached skill level 11 in Spellcasting
 22860 | Lair:2   | Found a hole to the Spider Nest.
 23196 | Lair:2   | Reached skill level 10 in Conjurations
 23354 | Lair:2   | Reached skill level 5 in Ice Magic
 24001 | Lair:3   | Reached XP level 14. HP: 67/79 MP: 12/29
 24244 | Lair:3   | Found a staircase to the Shoals.
 25039 | Lair:3   | Received a gift from Sif Muna
 26101 | Lair:4   | Reached skill level 12 in Spellcasting
 27323 | Lair:5   | Entered Level 5 of the Lair of Beasts
 27500 | Lair:5   | Received a gift from Sif Muna
 27505 | Lair:5   | Reached skill level 5 in Shields
 27526 | Lair:5   | Reached skill level 10 in Invocations
 27852 | Lair:5   | Reached skill level 1 in Staves
 27859 | Lair:5   | Reached XP level 15. HP: 20/83 MP: 8/31
 28475 | Lair:5   | Found a staircase to the Slime Pits.
 28959 | Lair:5   | Got Sif Muna's Secrets of Energy and the Salamander {god
                  | gift}
 28965 | Lair:5   | Learned a level 4 spell: Iskenderun's Mystic Blast
 30069 | Shoals:1 | Entered Level 1 of the Shoals
 30410 | Shoals:1 | Identified the +0 chain mail "Desock" {rPois Str-5 Dex+6
                  | SInv}
 30495 | Shoals:1 | Reached skill level 13 in Spellcasting
 30801 | Shoals:1 | Noticed a kraken
 30809 | Shoals:1 | Killed a kraken
 30815 | Shoals:1 | Slain by an alligator snapping turtle

Illustrated notes

Levels and vault maps discovered:
D:1:      dpeg_chamrin_arrival_tetris, layout_loops_ring,
          shapermc_ecumenical_altar_mp_urbaneastern
D:2:      layout_basic, nicolae_titane
D:3:      kennysheep_the_goblin_king, layout_loops_cross,
          nicolae_overflow_two_pavilions, gup_sewer_entry_glass, uniq_robin
D:4:      layout_basic, grunt_dithmenos_smoke
D:5:      minmay_recursive_quarters, layout_basic, minmay_temple_entry_glass,
          kennysheep_generic_room_9
D:6:      layout_cave_pools, centaur_isle
D:7:      layout_basic
D:8:      layout_basic, lemuel_round_altar, dpeg_oklobed_lair, enter_bailey_5,
          uniq_pikel
D:9:      layout_basic, orc_david_3, st_stairs_5
D:10:     layout_loops_ring
D:11:     layout_irregular_city, gauntlet_entry_generic
D:12:     layout_cross, serial_shops, shop_statue, minivault_22,
          lemuel_nasty_fountain, uniq_snorg
D:13:     layout_irregular_city, grunt_vaults_entry_fortified
Temple:   compressed_dpeg_circular_temple
Lair:1:   dreamdust_cave_troll, layout_regular_city, tgw_fedhas
Lair:2:   layout_long_grid, nicolae_spider_entry_tight_spaces
Lair:3:   dreamdust_isle_of_ice, layout_cellular_growth,
          minmay_shoals_entry_centaurs, grunt_megastairs_2, serial_bayou_shore_a
Lair:4:   layout_layer_cave, lemuel_fruit_tree
Lair:5:   guppyfry_lair_end_dragon, layout_gridlike, wormcave,
          minmay_slime_entry_jelly_boxes, serial_bayou_shore_b
Shoals:1: layout_shoals, nicolae_shoals_seven_spires
Orc:1:    layout_caves, serial_shops, shop, mines3_lemuel
Orc:2:    grunt_orc_community_town_hall, layout_diamond_mine,
          grunt_orc_community_big_house_1, grunt_orc_community_big_house_1,
          grunt_orc_community_house_1, grunt_orc_community_house_1,
          grunt_orc_community_house_2, grunt_orc_community_house_3,
          grunt_orc_community_house_1, grunt_orc_community_house_2,
          nicolae_orc_stony_grotto

Skill      XL: |  1  2  3  4  5  6  7  8  9 10 11 12 13 14 15 |
---------------+----------------------------------------------+-----
Stealth        | 3 4 5 6 |  6.6
Conjurations   | 2 3 4 6 7 8 9 10 11 | 11.8
Fire Magic     | 4 5 6 7 8 9 10 11 12 | 12.8
Spellcasting   | 3 4 5 7 8 9 10 11 12 13 | 13.2
Polearms       | 1 |  1.0
Hexes          | 1 2 3 4 |  4.2
Invocations    | 3 4 6 7 8 10 | 10.3
Summonings     | 3 4 5 6 |  6.1
Short Blades   | 1 |  1.6
Fighting       | 1 |  1.9
Shields        | 1 2 5 6 |  6.9
Dodging        | 3 4 |  4.3
Air Magic      | 1 4 5 |  5.0
Ice Magic      | 2 5 |  5.0
Staves         | 1 |  1.1
Throwing       | |  0.4
Translocations | |  0.5
Evocations     | |  0.2

Action                     |  1- 3 |  4- 6 |  7- 9 | 10-12 | 13-15 || total
---------------------------+-------+-------+-------+-------+-------++-------
  Melee: Unarmed           |     3 |       |       |       |       ||     3
         Punch             |     1 |       |     1 |     2 |     2 ||     6
         Short sword       |     8 |       |       |       |       ||     8
         Constrict         |     5 |     3 |    13 |    19 |    20 ||    60
         Tentacles         |     5 |     2 |    17 |    24 |    49 ||    97
         Trident           |     5 |    11 |     2 |       |       ||    18
         Dagger            |       |       |    50 |    36 |       ||    86
         Staff             |       |       |       |    35 |   125 ||   160
  Throw: Dart              |       |       |       |       |     1 ||     1
   Cast: Foxfire           |    53 |    42 |   278 |   347 |   430 ||  1150
         Scorch            |       |     4 |    34 |   102 |   170 ||   310
         Inner Flame       |       |       |    15 |    41 |    17 ||    73
         Flame Wave        |       |       |     5 |    34 |    90 ||   129
         Summon Guardian G |       |       |     1 |    13 |    14 ||    28
         Call Canine Famil |       |       |     1 |     1 |     5 ||     7
         Apportation       |       |       |       |     5 |       ||     5
         Hailstorm         |       |       |       |       |    11 ||    11
         Summon Forest     |       |       |       |       |     7 ||     7
         Plasma Beam       |       |       |       |       |     5 ||     5
         Ignition          |       |       |       |       |     2 ||     2
         Iskenderun's Myst |       |       |       |       |     4 ||     4
 Invoke: Channel Magic     |       |       |       |     1 |     9 ||    10
         Divine Exegesis   |       |       |       |       |     2 ||     2
  Evoke: Wand              |       |       |       |     2 |       ||     2
         Condenser vane    |       |       |       |     1 |       ||     1
         Phantom mirror    |       |       |       |       |     2 ||     2
         Box of beasts     |       |       |       |       |     1 ||     1
    Use: Scroll            |       |       |    15 |    16 |     7 ||    38
         Potion            |       |       |       |    10 |     9 ||    19
   Stab: Sleeping          |     2 |       |     3 |     4 |     1 ||    10
 Armour: Skin              |     3 |     1 |     4 |     6 |    53 ||    67
  Dodge: Dodged            |    19 |     5 |    53 |    86 |   189 ||   352
  Block: Other             |       |       |    14 |       |       ||    14
         Reflection        |       |       |     3 |    17 |     8 ||    28
         Buckler           |       |       |     5 |    64 |   220 ||   289

Table legend: (Time is in decaauts)
 A = Elapsed time spent in this place.
 B = Non-inter-level travel time spent in this place.
 C = Inter-level travel time spent in this place.
 D = Time resting spent in this place.
 E = Time spent auto-exploring this place.
 F = Levels seen in this place.
 G = Mean time per level.
                   A        B        C        D        E       F      G
               +--------+--------+--------+--------+--------+-----+--------+
         Total |  30837 |  30091 |    746 |   2383 |  19755 |  25 | 1233.5 |
       Dungeon |  12743 |  12211 |    532 |    381 |   9080 |  13 |  980.2 |
        Temple |    114 |     83 |     31 |      0 |     66 |   1 |  114.0 |
          Lair |   9422 |   9316 |    106 |    736 |   6186 |   5 | 1884.4 |
        Shoals |    745 |    745 |      0 |      0 |    485 |   1 |  745.0 |
  Orcish Mines |   4929 |   4853 |     76 |    791 |   2759 |   2 | 2464.5 |
         Sewer |   1005 |   1005 |      0 |      0 |    711 |   1 | 1005.0 |
        Bailey |   1014 |   1014 |      0 |    108 |    468 |   1 | 1014.0 |
      Gauntlet |    861 |    861 |      0 |    367 |      0 |   1 |  861.0 |
               +--------+--------+--------+--------+--------+-----+--------+

Top non-repeatable levels by time:
   Orc:2: 3254 daAuts
  Lair:5: 2120 daAuts
  Lair:4: 2030 daAuts
  Lair:2: 1863 daAuts
  Lair:3: 1854 daAuts
   Orc:1: 1675 daAuts
  Lair:1: 1554 daAuts
    D:12: 1275 daAuts
     D:8: 1236 daAuts
     D:9: 1171 daAuts
     D:6: 1155 daAuts
     D:4: 1085 daAuts
     D:1: 1035 daAuts
     D:2: 1020 daAuts
  Bailey: 1014 daAuts
